 Dungeon Crawl Stone Soup version 0.20.1-1-g8b1a95d (webtiles) character file.

14009 straycat the Nimble (level 11, -9/71 HPs)
             Began as a Vampire Wanderer on Sept 7, 2017.
             Was a Priest of Hepliaklqana.
             Mangled by an ogre
             ... wielding a +0 giant club
              (20 damage)
             ... on level 1 of the Orcish Mines on Sept 26, 2017.
             The game lasted 01:53:07 (14422 turns).

straycat the Nimble (Vampire Wanderer)             Turns: 14422, Time: 01:53:09

Health: -9/71      AC:  0    Str: 14    XL:     11   Next: 83%
Magic:  0/17       EV: 35    Int: 13    God:    Hepliaklqana [***...]
Gold:   605        SH:  0    Dex: 21    Spells: 0/18 levels left

rFire    . . .     SeeInvis +   (weapon currently unavailable)
rCold    . . .     Gourm    .   (shield currently unavailable)
rNeg     + . .     Faith    .   (armour currently unavailable)
rPois    .         Spirit   .   (helmet currently unavailable)
rElec    .         Reflect  .   (cloak currently unavailable)
rCorr    .         Harm     .   (gloves currently unavailable)
MR       +....                  (boots currently unavailable)
Stlth    +++++++...             (no amulet)
Regen    0.3/turn               (ring currently unavailable)
MPRegen  0.2/turn               (ring currently unavailable)

@: bat-form, singing, flying, very slightly contaminated, drained, very quick
A: reduced essence, fangs 3, see invisible, wild magic 1
a: End Transformation, Recall Ancestor, Ancestor Identity, Transference,
Renounce Religion


You were on level 1 of the Orcish Mines.
You worshipped Hepliaklqana.
Hepliaklqana was most pleased with you.
You were not thirsty.
You were in vampire-bat-form.
You visited 3 branches of the dungeon, and saw 13 of its levels.

You collected 685 gold pieces.
You spent 80 gold pieces at shops.

Inventory:

Hand Weapons
 m - a +3 dagger of speed
 y - a +4 halberd of freezing
 B - a +0 scimitar
 D - a cursed +2 dagger of freezing (melded)
 E - a +0 blowgun
 G - a +0 shortbow of freezing
 J - a +5 hunting sling
 N - a +1 hand axe of flaming
 R - a +2 dagger of venom
Missiles
 i - 73 sling bullets
 t - 34 bolts
 u - 8 needles of frenzy
 w - 4 steel tomahawks (quivered)
 C - 345 arrows
 Q - 16 poisoned needles
Armour
 j - a +0 troll leather armour (melded)
 n - a +0 pair of boots (melded)
 p - a +0 buckler (melded)
 M - a scarf of spirit shield (melded)
Jewellery
 f - an uncursed ring of fire
 s - a ring of positive energy (melded)
 A - a ring of wizardry (melded)
Wands
 a - a wand of enslavement (20/24)
 v - a wand of polymorph (16/24)
 x - a wand of acid (2/15)
 H - a wand of iceblast (4/15)
 K - a wand of digging (12/24)
 T - a wand of clouds (0/9)
 V - a wand of iceblast (9/15)
Scrolls
 b - 2 scrolls of fear
 c - 4 scrolls of teleportation
 k - 4 scrolls of amnesia
 z - 2 scrolls of magic mapping
 I - 3 scrolls of fog
 L - 2 scrolls of enchant weapon
 O - a scroll of remove curse
 P - 2 scrolls of immolation
Potions
 d - 2 potions of might
 e - 19 potions of blood
 g - 7 potions of flight
 h - a potion of brilliance {unknown}
 l - 2 potions of ambrosia
 o - 3 potions of agility
 q - a potion of invisibility {unknown}
 r - a potion of curing
 F - a potion of haste {unknown}
Books
 S - a book of Misfortune

   Spells                             Type                      Level
   a - Confusing Touch                Hexes                        1
   b - Confuse                        Hexes                        3
   c - Gell's Gravitas                Translocation                3
   d - Petrify                        Transmutation/Earth          4
   e - Metabolic Englaciation         Hexes/Ice                    5
   f - Yara's Violent Unravelling     Hexes/Transmutation          5
 W - a book of Battle

   Spells                             Type                      Level
   a - Infusion                       Charms                       1
   b - Shroud of Golubria             Charms/Translocation         2
   c - Song of Slaying                Charms                       2
   d - Spectral Weapon                Hexes/Charms                 3
   e - Regeneration                   Charms/Necromancy            3


   Skills:
 - Level 5.0(4.8) Fighting
 + Level 6.6(6.4) Short Blades
   Level 1.0(0.8) Staves
 - Level 14.3(14.1) Dodging
 - Level 11.7(11.5) Stealth
 - Level 4.2(4.1) Shields
 - Level 4.2(4.1) Spellcasting
 + Level 7.5(7.3) Hexes
 * Level 3.2(3.0) Charms
 - Level 1.0(0.8) Evocations


You couldn't memorise any spells.
You knew the following spells:

 Your Spells              Type           Power        Failure   Level  Hunger
a - Dazzling Spray        Conj/Hex       ###...       21%         3    ###....
b - Searing Ray           Conj           #.....       38%         2    ##.....
c - Fulminant Prism       Conj/Hex       ###.......   50%         4    ####...
d - Slow                  Hex            ####....     3%          2    ##.....
e - Metabolic Englaciati  Hex/Ice        ###.......   83%         5    ######.
f - Song of Slaying       Chrm           ##......     13%         2    ##.....


Dungeon Overview and Level Annotations

Branches:
Dungeon (11/15)            Temple (1/1) D:4            Lair (0/6) D:11
    Orc (1/2) D:11

Altars:
Ashenzari
Cheibriados
Dithmenos
Elyvilon
Fedhas
Gozag
Hepliaklqana
Kikubaaqudgha
Makhleb
Nemelex Xobeh
Okawaru
Qazlal
Ru
Sif Muna
Trog
Uskayaw
Vehumet
Xom
Yredelemnul
Zin
The Shining One

Shops:
D:5 [([=   D:7 *   D:10 *


Innate Abilities, Weirdness & Mutations

You have razor-sharp teeth.
You have supernaturally acute eyesight. (SInv)
((You can survive without breathing.))
Your life essence is reduced to manifest your ancestor. (-10% HP)
((You are partially covered in yellow scales. (AC +2)))
Your spells are a little harder to cast, but a little more powerful.


Message History

You don't have enough magic at the moment.
You hear a shout!
The ynoxinul gestures. x2; The orc knight roars a battlecry!
You don't have enough magic at the moment.
An orc comes into view. It is wielding a dagger.
An orc comes into view. It is wielding a whip.
You turn into a vampire bat.
Your cursed +2 dagger of freezing melds into your body.
Your scarf of spirit shield melds into your body.
Your +0 pair of boots melds into your body.
Your +0 buckler melds into your body.
Your +0 troll leather armour melds into your body.
Your ring of positive energy melds into your body.
Your ring of wizardry melds into your body.
Your cursed +2 dagger of freezing stops glowing.
You feel strangely alone.
The orc warlord no longer looks unusually strong.
The orc warrior no longer looks unusually strong.
The ogre hits you with a giant club!!
You die...

## .. ##.# ##.##
... ##
.....##.##.##
.....#.#...## .
#o...o.....# #.
#oT.Tob#..###
..oo.#..ooO5....#
....###..oO......#
..oo..#h3O5.....##
...o.Tooo>$......#
....3.o.o5...#..##
...553oo.....####
..........$...#
.....).......##


You could see an orc warlord, an orc knight, 3 trolls, a neqoxec, 2 ynoxinuls, a
warg, an orc sorcerer, 3 orc warriors, 3 ogres, an orc wizard, 8 orcs and 5
ufetubi.

Vanquished Creatures
  2 two-headed ogres
  2 cyclopes
  The ghost of Agrougrou the Skirmisher, a novice OgFi (D:5)
  Joseph (D:10)
  Maurice (D:9)
  A centaur zombie (D:8)
  A centaur skeleton (D:11)
  A hellwing (D:7)
  A hornet (D:9)
  A troll (D:10)
  2 hippogriffs (D:11)
  A hog (D:8)
  A yak (D:9)
  2 hungry ghosts (D:8)
  A water moccasin (D:5)
  A hornet zombie (D:8)
  3 ice beasts
  2 orc warriors
  A sky beast (D:7)
  A phantom (D:8)
  5 ogres
  4 centaurs
  A crocodile (D:10)
  A wolf (D:9)
  2 big kobolds
  A wyvern zombie (D:8)
  5 bullfrogs
  A wyvern skeleton (D:6)
  5 scorpions
  3 wights
  2 crimson imps
  A bullfrog zombie (D:6)
  A howler monkey (D:7)
  5 orc priests
  6 hounds
  3 jellies
  A bullfrog skeleton (D:5)
  15 orc wizards
  Jessica (D:2)
  5 iguanas
  5 worker ants
  A hound skeleton (D:4)
  A worker ant zombie (D:5)
  A howler monkey skeleton (D:9)
  6 adders
  2 gnolls (D:10)
  2 shadow imps (D:8)
  An ooze (D:4)
  9 adder skeletons
  4 worms
  A dart slug (D:2)
  5 leopard geckos
  46 orcs
  3 bats
  5 giant cockroaches
  13 hobgoblins
  A hobgoblin (shapeshifter) (D:10)
  13 jackals
  12 kobolds
  5 quokkas
  2 ball pythons (D:1)
  5 frilled lizards
  6 goblins
  A jackal zombie (D:7)
  14 rats
259 creatures vanquished.

Vanquished Creatures (collateral kills)
  An ugly thing (D:11)
  A centaur zombie (D:8)
  A hellwing (D:7)
  2 hippogriffs
  3 yaks
  2 hogs (D:8)
  A human (D:8)
  Grum (D:9)
  A phantom (D:10)
  3 ogres
  3 sky beasts
  A black bear (D:9)
  An eye of draining (D:10)
  2 wolves (D:9)
  3 bullfrogs
  A big kobold (D:9)
  A scorpion (D:9)
  5 wights
  3 hounds
  2 orc priests (D:6)
  5 orc wizards
  3 centaur skeletons
  2 iguanas
  A worker ant (D:9)
  A worker ant zombie (D:10)
  A gnoll (D:10)
  An adder (D:10)
  2 shadow imps
  An ooze (D:5)
  An adder skeleton (D:7)
  8 orcs
  A giant cockroach (D:8)
  2 jackals (D:8)
  6 kobolds
  2 quokkas
  A leopard gecko skeleton (D:7)
  A withered plant (D:8)
77 creatures vanquished.

Vanquished Creatures (others)
  An orc warrior (D:7)
  3 battlemagi
  An ancestor (D:7)
  An orc (D:11)
  2 fulminant prisms
8 creatures vanquished.

Grand Total: 344 creatures vanquished

Notes
Turn   | Place    | Note
-------+----------+-------------------------------------------
     0 | D:1      | straycat the Vampire Wanderer began the quest for the Orb.
     0 | D:1      | straycat set off with: a wand of enslavement (15/24), a +0 quarterstaff, a scroll of teleportation, a +0 robe, a potion of blood
     0 | D:1      | Reached XP level 1. HP: 20/20 MP: 1/1
   243 | D:1      | Reached XP level 2. HP: 6/26 MP: 2/2
   968 | D:1      | Reached skill level 5 in Fighting
  1055 | D:1      | Reached XP level 3. HP: 19/33 MP: 3/3
  1447 | D:2      | Noticed Jessica
  1649 | D:2      | Killed Jessica
  1649 | D:2      | Reached skill level 2 in Dodging
  1696 | D:2      | Reached XP level 4. HP: 19/39 MP: 4/4
  3122 | D:3      | Reached skill level 3 in Dodging
  3122 | D:3      | Reached skill level 5 in Stealth
  3122 | D:3      | Reached XP level 5. HP: 44/44 MP: 5/5
  3783 | D:4      | Reached skill level 4 in Dodging
  3806 | D:4      | Reached XP level 6. HP: 45/51 MP: 6/6
  3965 | D:4      | Reached skill level 1 in Shields
  4191 | D:4      | Found a staircase to the Ecumenical Temple.
  4232 | Temple   | Entered the Ecumenical Temple
  4466 | D:4      | Found a burning altar of Makhleb.
  4528 | D:4      | Reached skill level 5 in Dodging
  4671 | D:5      | Entered Level 5 of the Dungeon
  4817 | D:5      | Noticed Agrougrou's ghost (novice OgFi)
  5167 | D:5      | Reached XP level 7. HP: 55/56 MP: 7/7
  5180 | D:5      | Found a shimmering altar of Xom.
  5556 | D:4      | Reached skill level 6 in Dodging
  6443 | D:5      | Reached XP level 8. HP: 38/62 MP: 8/8
  6558 | D:5      | Found Uremubin's Antique Weapon Shoppe.
  6652 | D:5      | Found Wusutaz's Jewellery Emporium.
  6724 | D:5      | Killed Agrougrou's ghost
  6724 | D:5      | Reached skill level 7 in Dodging
  7007 | D:5      | Reached skill level 8 in Dodging
  7013 | D:5      | Found Yparhun's Antique Armour Boutique.
  7027 | D:5      | Found Mapseq's Antique Armour Shop.
  7677 | D:6      | Found a hazy altar of Hepliaklqana.
  7694 | D:6      | Became a worshipper of Hepliaklqana the Forgotten
  7740 | D:6      | Reached skill level 9 in Dodging
  7740 | D:6      | Reached skill level 10 in Stealth
  7744 | D:6      | Reached XP level 9. HP: 38/61 MP: 9/9
  7953 | D:6      | Found a deep blue altar of Sif Muna.
  7953 | D:6      | Found a glowing golden altar of the Shining One.
  8310 | D:6      | Reached skill level 10 in Dodging
  8766 | D:7      | Reached * piety under Hepliaklqana
  9035 | D:7      | Noticed a cyclops
  9333 | D:6      | Reached skill level 11 in Dodging
  9422 | D:6      | Gained mutation: Your magical capacity is low. (-10% MP) [potion of mutation]
  9422 | D:6      | Gained mutation: You are frail. (-10% HP) [potion of mutation]
  9422 | D:6      | Lost mutation: You are frail. (-10% HP) [potion of mutation]
  9423 | D:6      | Lost mutation: Your magical capacity is low. (-10% MP) [potion of mutation]
  9423 | D:6      | Gained mutation: You are partially covered in yellow scales. (AC +2) [potion of mutation]
  9423 | D:6      | Gained mutation: Your spells are a little harder to cast, but a little more powerful. [potion of mutation]
  9477 | D:7      | Killed a cyclops
  9477 | D:7      | Reached XP level 10. HP: 42/66 MP: 10/10
  9492 | D:7      | Learned a level 3 spell: Dazzling Spray
  9495 | D:7      | Learned a level 2 spell: Searing Ray
  9500 | D:7      | Learned a level 4 spell: Fulminant Prism
  9823 | D:7      | Reached ** piety under Hepliaklqana
  9824 | D:7      | Remembered your ancestor Seras as a battlemage
 10007 | D:7      | Found Waefu's General Store.
 10017 | D:7      | Bought a scroll of fear for 56 gold pieces
 10287 | D:8      | Reached skill level 5 in Short Blades
 10341 | D:8      | Noticed a two-headed ogre
 10354 | D:8      | Killed a two-headed ogre
 10711 | D:8      | Reached skill level 12 in Dodging
 10720 | D:8      | Reached skill level 1 in Hexes
 10731 | D:8      | Learned a level 2 spell: Slow
 11153 | D:8      | Reached skill level 13 in Dodging
 11153 | D:8      | Reached XP level 11. HP: 60/71 MP: 14/17
 11375 | D:9      | Learned a level 5 spell: Metabolic Englaciation
 11505 | D:9      | Noticed Maurice
 11521 | D:9      | Killed Maurice
 11873 | D:9      | Noticed Grum
 11918 | D:9      | Killed Grum
 11922 | D:9      | Reached skill level 5 in Hexes
 12027 | D:9      | Learned a level 2 spell: Song of Slaying
 12049 | D:9      | Found a blossoming altar of Fedhas.
 12559 | D:8      | You fall through a shaft for 3 floors!
 12595 | D:10     | Entered Level 10 of the Dungeon
 12616 | D:10     | Reached *** piety under Hepliaklqana
 12784 | D:10     | Noticed Joseph
 12795 | D:10     | Killed Joseph
 12864 | D:10     | Noticed a two-headed ogre
 12873 | D:10     | Killed a two-headed ogre
 12873 | D:10     | Reached skill level 14 in Dodging
 13001 | D:10     | Found Wodoijig's General Store.
 13026 | D:10     | Bought a scroll of identify for 24 gold pieces
 14007 | D:11     | Noticed a green ugly thing
 14034 | D:11     | Killed a green ugly thing
 14034 | D:11     | Reached skill level 1 in Charms
 14098 | D:11     | Found a staircase to the Orcish Mines.
 14328 | D:11     | Found a staircase to the Lair.
 14407 | Orc:1    | Entered Level 1 of the Orcish Mines
 14410 | Orc:1    | Noticed an orc knight
 14410 | Orc:1    | Noticed an orc sorcerer
 14417 | Orc:1    | Noticed an orc warlord
 14422 | Orc:1    | Mangled by an ogre

Skill      XL: |  1  2  3  4  5  6  7  8  9 10 11 |
---------------+----------------------------------+-----
Stealth        | 2 3 4 5 6 7 8 10 11 | 11.7
Fighting       | 5 |  5.0
Dodging        | 2 3 4 5 6 9 11 13 14 | 14.3
Shields        | 1 2 4 |  4.2
Short Blades   | 4 5 6 |  6.6
Spellcasting   | 4 |  4.2
Hexes          | 3 7 |  7.5
Charms         | 3 |  3.2
Staves         | |  1.0
Evocations     | |  1.0

Action                   |  1- 3 |  4- 6 |  7- 9 | 10-12 || total
-------------------------+-------+-------+-------+-------++-------
Melee: Quarterstaff      |   105 |     1 |       |       ||   106
       Bite              |     9 |    33 |    72 |    77 ||   191
       Dagger            |       |   359 |   560 |   387 ||  1306
       Unarmed           |       |     4 |       |       ||     4
       Hand axe          |       |     3 |    12 |    32 ||    47
Throw: Tomahawk          |       |       |    14 |     3 ||    17
 Cast: Slow              |       |       |       |     6 ||     6
       Song of Slaying   |       |       |       |     3 ||     3
       Searing Ray       |       |       |       |     3 ||     3
       Fulminant Prism   |       |       |       |     2 ||     2
Invok: Ancestor Identity |       |       |     1 |       ||     1
       Ancestor Life: Ba |       |       |       |     1 ||     1
       Recall Ancestor   |       |       |       |     1 ||     1
 Abil: Bat Form          |       |     1 |     1 |     1 ||     3
       End Transformatio |       |     1 |     1 |       ||     2
Evoke: Wand              |       |     4 |    31 |     6 ||    41
  Use: Potion            |     2 |    12 |    29 |    13 ||    56
       Scroll            |     1 |    10 |     9 |     6 ||    26
 Stab: Sleeping          |     2 |     8 |    11 |    18 ||    39
       Distracted        |       |     1 |     2 |     4 ||     7
  Eat: Corpse            |       |       |       |     4 ||     4
Armor: Robe              |    21 |     5 |       |       ||    26
       Scale mail        |       |    49 |    19 |       ||    68
       Ring mail         |       |       |    70 |    76 ||   146
       Troll leather arm |       |       |       |    12 ||    12
Dodge: Dodged            |    82 |   144 |   253 |   365 ||   844
Block: Buckler           |       |    22 |    63 |   126 ||   211
